AoeStats
← bert1028

Arena

508206347Analyzed
2v2 RM · 12d ago on Sep 21, 2026· 42m 53s· 4 players
Game mode
Random Map
Map size
Medium (4 player)
Population
200
Speed
Normal
Resources
Standard
Victory
Conquest
Starting age
Dark Age
Ending age
Imperial Age
RankedLock teamsTeams togetherTeam positionsShared explorationLock speedFull tech treeHidden civsTurbo modeCheats
Victory
Defeat
🇹🇼 Celts · Taiwan
1043
+14
🇹🇼 Sicilians · Taiwan
1041
+14
🇮🇳 Cumans · India
1018
-14
🇻🇳 Chinese · Vietnam
995
-14
Wiiner
0:59 Loom
10:41 Feudal Age
15:49 Castle Age
17:29 Double-Bit Axe
21:27 Fortified Wall
22:18 Horse Collar
26:52 Fletching
35:33 Fletching
37:40 Gold Mining
43:17 Imperial Age
快乐的小跑
9:12 Feudal Age
10:22 Horse Collar
10:31 Double-Bit Axe
19:34 Castle Age
18:44 Bloodlines
19:21 Forging
20:17 Heavy Plow
21:58 Bow Saw
25:21 Iron Casting
24:52 Scale Barding Armor
26:48 Loom
27:54 Gold Mining
28:54 Man-at-Arms
32:15 Imperial Age
29:54 Long Swordsman
32:02 Fletching
32:13 Padded Archer Armor
32:13 Scale Mail Armor
33:33 Wheelbarrow
33:30 Crop Rotation
36:10 Blast Furnace
35:01 Two-Handed Swordsman
37:08 Town Watch
38:25 Two-Man Saw
38:04 Gold Shaft Mining
38:41 Bodkin Arrow
39:02 Leather Archer Armor
40:39 Onager
41:01 Champion
Doge
10:23 Feudal Age
14:01 Castle Age
12:24 Double-Bit Axe
12:21 Horse Collar
15:23 Bow Saw
20:32 Loom
23:25 Wheelbarrow
25:20 Pikeman
28:38 Imperial Age
26:25 Fortified Wall
26:21 Scale Mail Armor
26:31 Forging
27:37 Chain Mail Armor
28:27 Iron Casting
28:34 Arson
28:49 Fletching
29:37 Heavy Plow
29:30 Gold Mining
30:05 Padded Archer Armor
29:45 Halberdier
31:26 Plate Mail Armor
31:52 Hand Cart
34:22 Siege Engineers
37:37 Heavy Scorpion
bert1028
11:05 Feudal Age
13:03 Double-Bit Axe
15:44 Castle Age
15:19 Stone Mining
15:37 Horse Collar
20:15 First Crusade
21:13 Scale Mail Armor
21:41 Squires
22:13 Arson
23:54 Chain Mail Armor
25:42 Forging
25:48 Pikeman
28:39 Iron Casting
34:27 Loom
39:56 Imperial Age
Connection lost

Rejoining the realm…

Still unreachable

The connection could not be restored.

Session expired

The server has moved on; the page needs a fresh start.